 Dungeon Sprint DCSS version 0.31-a0-360-gb3e1d13bf4 (webtiles) character file.

Game seed: 4128778293286693444

2737 Monkooky the Basher (level 9, -1/138 HPs)
             Began as an Armataur Warper on July 26, 2023.
             Was an Initiate of Gozag.
             Succumbed to a swamp drake's noxious blast
             ... in the Dungeon (Sprint II: "The Violet Keep of Menkaure").
             The game lasted 00:06:47 (840 turns).

Monkooky the Basher (Armataur Warper)                Turns: 840, Time: 00:06:48

Health: -1/138     AC: 22    Str: 20    XL:     9   Next: 40%
Magic:  11/11      EV:  7    Int: 15    God:    Gozag
Gold:   770        SH:  0    Dex:  9    Spells: 11/11 levels left

rFire   + . .        j - +0 flail (protect)
rCold   . . .        (no shield)
rNeg    . . .        i - +4 chain mail {rF+}
rPois   .            (no helmet)
rElec   .            (no cloak)
rCorr   .            (no gloves)
SInv    .            (no barding)
Will    .....        (no amulet) Stlth
                     (no ring)
HPRegen 0.43/turn    (no ring)
MPRegen 0.12/turn

%: no teleportation, random rage (3%), roll
@: confused, berserking (expiring), lethally poisoned (-1 -> -35), gold aura,
under a protective aura, very quick
A: large, rugged brown scales 3, deformed body, armoured tail, roll, long
tongue, awkward tongue, berserk 1
a: Renounce Religion, Potion Petition, Call Merchant, Bribe Branch


You were in the Dungeon.
You worshipped Gozag.
Gozag was pleased with you.
You visited 1 branch You collected 1404 gold pieces.
You spent 364 gold pieces at shops.
You paid 270 gold pieces to Gozag.

Inventory:

Hand Weapons
 a - a +0 mace
 j - a +0 flail of protection (weapon)
Missiles
 d - 7 boomerangs of dispersal (quivered)
Armour
 b - a +0 leather armour
 i - a +4 chain mail of fire resistance (worn)
Scrolls
 c - 2 scrolls of blinking
Potions
 e - a potion of curing
 f - a potion of heal wounds
 h - 2 potions of magic


   Skills:
 + Level 10.3 Fighting
 - Level 14.0 Maces & Flails
 - Level 0.8 Throwing
 + Level 13.6 Armour
 - Level 1.3 Dodging
 - Level 1.7 Spellcasting
 - Level 3.0 Translocations


You had 11 spell levels left.
You didn't know any spells.
Your spell library contained the following spells:

 Spells                   Type           Power      Damage    Failure   Level
 Blink                    Tloc           20%        N/A       43%         2
 Lesser Beckoning         Tloc           20%        N/A       43%         2
 Teleport Other           Tloc           10%        N/A       67%         3
 Vhi's Electric Charge    Tloc/Air       10%        N/A       86%         3
 Manifold Assault         Tloc           10%        N/A       97%         4


Dungeon Overview and Level Annotations

Branches:
Dungeon (1/1)

Altars:
Cheibriados
Dithmenos
Elyvilon
Fedhas
Gozag
Hepliaklqana
Kikubaaqudgha
Makhleb
Nemelex Xobeh
Okawaru
Qazlal
Ru
Sif Muna
Trog
Uskayaw
Vehumet
Wu Jian
Xom
Yredelemnul
Zin
The Shining One
Jiyva
Lugonu

Shops:
D :[:=?([=[?[!=!*

Annotations:
D exclusions: oklob plant and orange crystal statue


Innate Abilities, Weirdness & Mutations

You are completely covered in rugged brown scales. (AC +3, +7% HP)
Armour fits poorly on your strangely shaped body.
You have a long armoured tail.
You roll when moving toward enemies. (Rampage)
Your long tongue fully drains potion bottles. (2x potion effects)
Your tongue gives you trouble enunciating. (1.5x scroll delay)
You sometimes lose your temper in combat.


Message History

You see here 144 gold pieces.
You hit the swamp drake. You tail-slap the swamp drake!
The swamp drake is heavily wounded.
* * * LOW HITPOINT WARNING * * *
You feel extremely sick.
You hit the swamp drake.
The swamp drake is severely wounded.
* * * LOW HITPOINT WARNING * * *
You feel very sick.
The swamp drake bites you but does no damage.
You hit the swamp drake.
The swamp drake is severely wounded.
* * * LOW HITPOINT WARNING * * *
You feel extremely sick.
You hit the swamp drake.
The swamp drake is almost dead.
* * * LOW HITPOINT WARNING * * *
You feel very sick. The swamp drake breathes poison at you.
The noxious blast engulfs you but does no damage.
You are more poisoned.
You hit the swamp drake.
The swamp drake is almost dead.
You are engulfed in noxious fumes.
You choke on the stench!
You are confused.
* * * LOW HITPOINT WARNING * * *
You feel very sick.
Unknown command.
You bump into the stone wall.
You are engulfed in noxious fumes.
You choke on the stench!
You are more confused.
* * * LOW HITPOINT WARNING * * *
You feel extremely sick. The swamp drake barely misses you.
Unknown command.
You feel a strong urge to attack something.
You are engulfed in noxious fumes.
You choke on the stench!
You are more confused.
You die...
Your body crumbles into a pile of gold. +++## ....#$ .. k $ $ $ ##..# $ #. k .##.####$ +.##. $ ..# ...# °°.#### $$ $ $ $ #####..## #°°##.# $![!

###.##..# $+°°#..#▓[[!$! $
##...#..#$ #.°#..#▓[$:[!)$
.†.##'..####.°##@#▓$??()? $
##...#....###.k°##▓▓▓▓▓▓▓
###.##......~°°°°~~~~~~~~
###~~.....~#°########+##
#§~~~~§§..~#.._._._.#~~~
#~~~~~~§~.~#._._._..#~~§≈
#~~~≈≈≈§§~~~#_._._._.#~§~~
$$
~~~~~~≈≈§§§~~#._._._._#~§§≈
$
+++#~§≈≈§≈§≈~#.._._._.#~§~§
$$


You could see a swamp drake (catching breath).

Vanquished Creatures
  A death drake (D)
  A yaktaur (D)
  3 polar bears (D)
  A hornet (D)
  4 neqoxecs (D)
  Menkaure (D)
  A water moccasin (D)
  4 necrophages (D)
  4 scorpions (D)
20 creatures vanquished.

Notes
Turn   | Place    | Note
-------+----------+-------------------------------------------
     0 | D        | Monkooky the Armataur Warper began the quest for the Orb.
     0 | D        | Reached XP level 1. HP: 18/18 MP: 3/3
     1 | D        | Noticed a scorpion
     1 | D        | Noticed a scorpion
     5 | D        | Killed a scorpion
     6 | D        | Reached skill level 6 in Maces & Flails
     6 | D        | Reached XP level 2. HP: 25/25 MP: 4/4
     6 | D        | Reached XP level 3. HP: 31/31 MP: 5/5
    12 | D        | Killed a scorpion
    13 | D        | Reached skill level 8 in Maces & Flails
    13 | D        | Reached XP level 4. HP: 16/38 MP: 6/6
    14 | D        | Noticed a scorpion
    14 | D        | Noticed a scorpion
    22 | D        | Killed a scorpion
    22 | D        | HP: 2/57 [poisoned by a scorpion]
    23 | D        | Reached skill level 10 in Maces & Flails
    23 | D        | Reached XP level 5. HP: 2/43 MP: 7/7
    27 | D        | Reached skill level 11 in Maces & Flails
   174 | D        | Noticed an orange crystal statue
   176 | D        | Noticed Menkaure
   181 | D        | Killed Menkaure
   182 | D        | Reached XP level 6. HP: 36/58 MP: 8/8
   182 | D        | Found Mesiehea's Distillery.
   182 | D        | Found Noghuto's General Store.
   183 | D        | Found Pojeesche's Distillery.
   183 | D        | Found Etuuj's Jewellery Emporium.
   184 | D        | Found Fyif's Magic Scroll Shoppe.
   184 | D        | Found Acsyehea's Antique Armour Emporium.
   185 | D        | Found Zoettuti's Antique Armour Shoppe.
   187 | D        | Found Bemon's Jewellery Shoppe.
   192 | D        | Found Jiotumo's Antique Weapon Emporium.
   192 | D        | Found Neptuc's Armour Shoppe.
   192 | D        | Noticed a wyvern
   192 | D        | Noticed a wyvern
   196 | D        | Found Feuwotou's Magic Scroll Emporium.
   196 | D        | Found Ociwog's Jewellery Shoppe.
   196 | D        | Noticed a wyvern
   196 | D        | Noticed an oklob plant
   197 | D        | Found Wupoesti's Antique Armour Shoppe.
   197 | D        | Found Heumam's Book Emporium.
   197 | D        | Found Esoereth's Book Shoppe.
   264 | D        | Bought a runed chain mail for 195 gold pieces
   271 | D        | Noticed a water moccasin
   272 | D        | Noticed an ice dragon
   290 | D        | Killed a water moccasin
   291 | D        | Reached skill level 5 in Fighting
   415 | D        | Noticed a neqoxec
   415 | D        | Noticed a neqoxec
   415 | D        | Noticed a neqoxec
   415 | D        | Noticed a neqoxec
   418 | D        | Gained mutation: You sometimes lose your temper in combat.
                  | [a neqoxec]
   424 | D        | Killed a neqoxec
   425 | D        | Reached XP level 7. HP: 68/68 MP: 9/9
   428 | D        | Killed a neqoxec
   429 | D        | Reached skill level 12 in Maces & Flails
   433 | D        | Killed a neqoxec
   438 | D        | Killed a neqoxec
   439 | D        | Reached skill level 13 in Maces & Flails
   529 | D        | Reached XP level 8. HP: 69/75 MP: 10/10
   547 | D        | Reached skill level 14 in Maces & Flails
   572 | D        | Bought a glowing flail for 169 gold pieces
   597 | D        | Found a hazy altar of Hepliaklqana.
   597 | D        | Found a snail-covered altar of Cheibriados.
   598 | D        | Found a stormy altar of Qazlal.
   598 | D        | Found a viscous altar of Jiyva.
   598 | D        | Found a shadowy altar of Dithmenos.
   599 | D        | Found a sacrificial altar of Ru.
   599 | D        | Found an ancient bone altar of Kikubaaqudgha.
   599 | D        | Found a white marble altar of Elyvilon.
   600 | D        | Found an ornate altar of the Wu Jian Council.
   600 | D        | Found a shimmering blue altar of Sif Muna.
   600 | D        | Found a corrupted altar of Lugonu.
   601 | D        | Found a shimmering altar of Xom.
   601 | D        | Found a bloodstained altar of Trog.
   601 | D        | Found a burning altar of Makhleb.
   602 | D        | Found a glowing golden altar of the Shining One.
   602 | D        | Found a basalt altar of Yredelemnul.
   602 | D        | Found a hide-covered altar of Uskayaw.
   604 | D        | Found a glowing silver altar of Zin.
   604 | D        | Found a radiant altar of Vehumet.
   604 | D        | Found a blossoming altar of Fedhas.
   604 | D        | Found a sparkling altar of Nemelex Xobeh.
   604 | D        | Noticed a hornet
   604 | D        | Noticed a polar bear
   604 | D        | Noticed a polar bear
   605 | D        | Found an opulent altar of Gozag.
   605 | D        | Found an iron altar of Okawaru.
   605 | D        | Noticed a yaktaur
   605 | D        | Noticed a polar bear
   614 | D        | Became a worshipper of Gozag Ym Sagoz the Greedy
   636 | D        | Killed a polar bear
   651 | D        | Killed a polar bear
   652 | D        | Reached skill level 10 in Armour
   664 | D        | Killed a hornet
   680 | D        | Killed a yaktaur
   681 | D        | Reached XP level 9. HP: 56/88 MP: 11/11
   688 | D        | Killed a polar bear
   807 | D        | Noticed a death drake
   830 | D        | Killed a death drake
   831 | D        | Reached skill level 10 in Fighting
   839 | D        | HP: 5/138 [poisoned by a swamp drake (noxious blast)]
   840 | D        | Succumbed to a swamp drake's noxious blast

Illustrated notes

Levels and vault maps discovered:
D:        the_violet_keep_of_menkaure [sprint2_stairs_cluster_1,
          sprint2_shoproom, sprint2_temple, sprint2_basic_supplies,
          sprint2_obstacle_2, sprint2_obstacle_3, sprint2_obstacle_4,
          sprint2_obstacle_5, sprint2_obstacle_1, sprint2_timed_cluster_1,
          sprint2_smallroom_cluster_1, sprint2_smallroom_final_cluster_1,
          sprint2_transparent_cluster_1, sprint2_second_timed_cluster_1,
          sprint2_sniper_area_1, sprint2_heavy_combat_area_1,
          sprint2_mutation_trap_area_1, sprint2_forest_area_1,
          sprint2_light_combat_area_1, sprint2_behind_water_1,
          sprint2_near_end_vault_1]

Skill      XL: |  1  2  3  4  5  6  7  8  9 |
---------------+----------------------------+-----
Maces & Flails | 6 8 10 11 13 14 | 14.0
Fighting       | 4 6 9 10 | 10.3
Armour         | 4 7 11 13 | 13.6
Throwing       | |  0.8
Dodging        | |  1.3
Spellcasting   | |  1.7
Translocations | |  3.0

Action                     |  1- 3 |  4- 6 |  7- 9 || total
---------------------------+-------+-------+-------++-------
  Melee: Mace              |    10 |    38 |    54 ||   102
         Tailslap          |     1 |     6 |    26 ||    33
         Flail             |       |       |    82 ||    82
 Invoke: Potion Petition   |       |       |     1 ||     1
    Use: Potion            |     1 |       |     1 ||     2
 Armour: Leather armour    |       |     2 |       ||     2
         Chain mail        |       |     8 |    67 ||    75
  Dodge: Dodged            |     3 |     9 |    23 ||    35

Table legend: (Time is in decaauts)
 A = Elapsed time spent in this place.
 B = Non-inter-level travel time spent in this place.
 C = Inter-level travel time spent in this place.
 D = Time resting spent in this place.
 E = Time spent auto-exploring this place.
 F = Levels seen in this place.
 G = Mean time per level.
                   A        B        C        D        E       F      G
               +--------+--------+--------+--------+--------+-----+--------+
         Total |    782 |    768 |     14 |    466 |      0 |   1 |  782.0 |
       Dungeon |    782 |    768 |     14 |    466 |      0 |   1 |  782.0 |
               +--------+--------+--------+--------+--------+-----+--------+

Top non-repeatable levels by time:
       D: 782 daAuts
